 Dungeon Sprint DCSS version 0.28-a0-1235-g7c8fac35f0 (webtiles) character file.

Game seed: 15099684265545974514

2300 mhtbhm the Impaler (level 9, -8/86 HPs)
             Began as a Merfolk Berserker on Dec 24, 2021.
             Was an Elder of Trog.
             Mangled by a skeletal warrior (17 damage)
             ... in the Dungeon (Sprint IX: "|||||||||||||||||||||||||||||").
             The game lasted 00:01:11 (775 turns).

mhtbhm the Impaler (Merfolk Berserker)               Turns: 775, Time: 00:01:11

Health: -8/86      AC:  9    Str: 24    XL:     9   Next: 40%
Magic:  9/9        EV: 15    Int:  7    God:    Trog [****..]
Gold:   0          SH:  0    Dex: 16    Spells: 8/8 levels left

rFire   . . .      SeeInvis .   a - +2 halberd (protect)
rCold   . . .      Faith    .   (shield currently unavailable)
rNeg    . . .      Spirit   .   b - +2 ring mail
rPois   .          Reflect  .   (no helmet)
rElec   .          Harm     .   k - +0 cloak
rCorr   .          Rampage  .   (no gloves)
Will    .....      NoTele   +   (no boots)
Stlth   +.........              (no amulet)
HPRegen 0.24/turn               l - +3 ring of strength
MPRegen 0.11/turn               m - +3 ring of dexterity

@: on berserk cooldown, slowed, very slow
A: (nimble swimmer 2), mertail
a: Renounce Religion, Berserk, Trog's Hand, Brothers in Arms


You were in the Dungeon.
You worshipped Trog.
Trog was greatly pleased with you.
You visited 1 branch

Inventory:

Hand Weapons
 a - a +2 halberd of protection (weapon)
Armour
 b - a +2 ring mail (worn)
 k - a +0 cloak (worn)
Jewellery
 l - a +3 ring of strength (left hand)
 m - a +3 ring of dexterity (right hand)
Wands
 j - a wand of iceblast (8)
Scrolls
 h - 2 scrolls of blinking
Potions
 c - 5 potions of curing
 d - 2 potions of heal wounds
 e - a potion of haste
 f - 4 potions of magic
 g - a potion of berserk rage
 i - a potion of invisibility


   Skills:
 + Level 13.7 Fighting
 + Level 19.4 Polearms
 + Level 6.1 Armour
 + Level 8.9 Dodging


You had 8 spell levels left.
You didn't know any spells.
Your spell library was empty.

Dungeon Overview and Level Annotations

Branches:
Dungeon (1/1)

Altars:
Cheibriados
Dithmenos
Elyvilon
Fedhas
Gozag
Hepliaklqana
Kikubaaqudgha
Makhleb
Nemelex Xobeh
Okawaru
Qazlal
Ru
Sif Muna
Trog
Uskayaw
Vehumet
Wu Jian
Xom
Yredelemnul
Zin
The Shining One
Beogh
Jiyva
Lugonu


Innate Abilities, Weirdness & Mutations

((You are very nimble when in or above water. (Stealth+, EV+, Speed+++)))
Your lower body shifts to a powerful aquatic tail in water.


Message History

Your Polearms skill increases to level 19!
Your Armour skill increases to level 6!
Unknown command.
Reach: a) +2 halberd (protect)
Press: ? - help, Dir - move target, f - skeletal warrior
Aim: a skeletal warrior, wielding a +0 glaive (about 29% to evade your +2 halberd of protection)
You reach to attack!
You puncture the skeletal warrior!
The skeletal warrior is lightly damaged.
You are no longer berserk.
You are exhausted.
You feel yourself slow down.
Unknown command.
Your ogre goes berserk!
Trog will no longer gift you weapons.
The skeletal warrior closely misses you.
The skeletal warrior hits you from afar with a +0 glaive.
Unknown command.
You swap places.
The skeletal warrior hits your ogre with a +0 glaive!
Your ogre barely misses the skeletal warrior.
You see here a +3 vorpal executioner's axe.
Unknown command.
The skeletal warrior hits your ogre with a +0 glaive!!
Your ogre dies!
Your ogre's corpse disappears in a puff of smoke!
Unknown command.
Okay, then.
Aiming: Iceblast
Press: ? - help, Shift-Dir - straight line, f/p - skeletal warrior
Aim: a skeletal warrior, wielding a +0 glaive (black smoke, lightly damaged)
The mass of ice explodes!
The iceblast engulfs the skeletal warrior.
The skeletal warrior partially resists.
The skeletal warrior is lightly damaged.
The iceblast engulfs the manticore!
The manticore is lightly wounded.
The skeletal warrior hits you from afar with a +0 glaive!!
* * * LOW HITPOINT WARNING * * *
The skeletal warrior hits you from afar with a +0 glaive!
You die... ▓▓▓▓▓▓▓▓▓▓▓▓▓▓▓▓▓▓▓▓▓▓▓▓▓ '.?).[[.))).....@(zHD...+ ▓▓▓▓▓▓▓▓▓▓▓▓▓▓▓▓▓▓▓▓▓▓▓▓▓

You could see an eight-headed hydra, a skeletal warrior and a manticore.

Vanquished Creatures
  A two-headed ogre (D)
  An ugly thing (D)
  A cyclops (D)
  A gargoyle (D)
  A hornet (D)
  An acid dragon (D)
  2 orc warriors (D)
  An ogre (D)
  A scorpion (D)
  An orc priest (D)
  An adder zombie (D)
  A bat skeleton (D)
  A goblin (D)
  A jackal (D)
  A quokka (D)
  2 frilled lizards (D)
  A rat (D)
19 creatures vanquished.

Notes
Turn   | Place    | Note
-------+----------+-------------------------------------------
     0 | D        | mhtbhm the Merfolk Berserker began the quest for the Orb.
     0 | D        | Reached XP level 1. HP: 18/18 MP: 1/1
     7 | D        | Reached ** piety under Trog
     8 | D        | Reached skill level 5 in Polearms
    54 | D        | Noticed an ogre
    54 | D        | Noticed a scorpion
    61 | D        | Reached *** piety under Trog
    62 | D        | Reached XP level 2. HP: 25/25 MP: 2/2
    68 | D        | Killed an ogre
    69 | D        | Reached skill level 9 in Polearms
    69 | D        | Reached XP level 3. HP: 27/35 MP: 3/3
    69 | D        | Reached XP level 4. HP: 32/41 MP: 4/4
    71 | D        | Killed a scorpion
    72 | D        | Reached skill level 10 in Polearms
    72 | D        | Reached XP level 5. HP: 32/49 MP: 5/5
    80 | D        | Found a snail-covered altar of Cheibriados.
    80 | D        | Found a shadowy altar of Dithmenos.
    80 | D        | Found a white marble altar of Elyvilon.
    80 | D        | Found a blossoming altar of Fedhas.
    80 | D        | Found an opulent altar of Gozag.
    81 | D        | Found a hazy altar of Hepliaklqana.
    82 | D        | Found a viscous altar of Jiyva.
    83 | D        | Found an ancient bone altar of Kikubaaqudgha.
    84 | D        | Found a corrupted altar of Lugonu.
    85 | D        | Found a burning altar of Makhleb.
    86 | D        | Found a sparkling altar of Nemelex Xobeh.
    87 | D        | Found an iron altar of Okawaru.
    88 | D        | Found a stormy altar of Qazlal.
    89 | D        | Found a sacrificial altar of Ru.
    90 | D        | Found a shimmering blue altar of Sif Muna.
    91 | D        | Found a bloodstained altar of Trog.
    92 | D        | Found a hide-covered altar of Uskayaw.
    93 | D        | Found a radiant altar of Vehumet.
    94 | D        | Found an ornate altar of the Wu Jian Council.
    95 | D        | Found a shimmering altar of Xom.
    96 | D        | Found a basalt altar of Yredelemnul.
    97 | D        | Found a glowing silver altar of Zin.
    98 | D        | Found a glowing golden altar of the Shining One.
   520 | D        | Noticed a two-headed ogre
   520 | D        | Noticed a hornet
   520 | D        | Noticed an acid dragon
   520 | D        | Noticed an orc warrior
   520 | D        | Noticed an orc warrior
   529 | D        | Killed a two-headed ogre
   529 | D        | Reached **** piety under Trog
   530 | D        | Reached skill level 15 in Polearms
   530 | D        | Reached XP level 6. HP: 12/62 MP: 6/6
   530 | D        | Reached XP level 7. HP: 14/68 MP: 7/7
   535 | D        | Killed a hornet
   536 | D        | Reached skill level 16 in Polearms
   536 | D        | Reached XP level 8. HP: 16/75 MP: 8/8
   542 | D        | Reached skill level 5 in Armour
   552 | D        | Reached skill level 17 in Polearms
   553 | D        | Reached ***** piety under Trog
   749 | D        | Noticed a white ugly thing
   749 | D        | Noticed a cyclops
   749 | D        | Noticed a gargoyle
   749 | D        | Noticed a skeletal warrior
   749 | D        | Noticed a manticore
   749 | D        | Noticed an eight-headed hydra
   759 | D        | Killed a white ugly thing
   760 | D        | Reached skill level 18 in Polearms
   760 | D        | Reached XP level 9. HP: 44/84 MP: 9/9
   764 | D        | Killed a cyclops
   764 | D        | Received a gift from Trog
   770 | D        | Killed a gargoyle
   771 | D        | Reached skill level 19 in Polearms
   775 | D        | Mangled by a skeletal warrior

Illustrated notes

Levels and vault maps discovered:
D:        linesprint [early_d, line_temple, items_1, d_10, items_2, lair_1,
          lair_end, items_3, orc_1, orc_end, items_4, d_15, swamp_1, shoals_1,
          snake_1, spider_1, d_20, vaults_1, items_5, swamp_end, shoals_end,
          snake_end, spider_end, vaults_end, d_27, items_6, zot_1, zot_end,
          crypt_end, forest_end, elf_end, slime_end, tomb_end, abyss_end,
          pan_hell_end]

Skill      XL: |  1  2  3  4  5  6  7  8  9 |
---------------+----------------------------+-----
Polearms       | 5 9 10 15 16 18 19 | 19.4
Fighting       | 4 6 7 11 12 13 | 13.7
Dodging        | 3 4 6 7 8 |  8.9
Armour         | 2 4 5 6 |  6.1

Action                   |  1- 3 |  4- 6 |  7- 9 || total
-------------------------+-------+-------+-------++-------
Melee: Spear             |    23 |     6 |       ||    29
       Halberd           |       |     8 |    36 ||    44
Invok: Berserk           |     1 |     1 |     1 ||     3
       Brothers in Arms  |       |       |     1 ||     1
Evoke: Wand              |       |       |     2 ||     2
  Use: Potion            |       |       |     1 ||     1
Armor: Animal skin       |     4 |       |       ||     4
       Ring mail         |       |     1 |     5 ||     6
Dodge: Dodged            |     7 |     5 |    14 ||    26

Table legend: (Time is in decaauts)
 A = Elapsed time spent in this place.
 B = Non-inter-level travel time spent in this place.
 C = Inter-level travel time spent in this place.
 D = Time resting spent in this place.
 E = Time spent auto-exploring this place.
 F = Levels seen in this place.
 G = Mean time per level.
                   A        B        C        D        E       F      G
               +--------+--------+--------+--------+--------+-----+--------+
         Total |    764 |    764 |      0 |    596 |      3 |   1 |  764.0 |
       Dungeon |    764 |    764 |      0 |    596 |      3 |   1 |  764.0 |
               +--------+--------+--------+--------+--------+-----+--------+

Top non-repeatable levels by time:
       D: 764 daAuts
